 Dungeon Crawl Stone Soup version 0.26-a0-639-g72c4674329 (webtiles) character file.

Game seed: 15239979335713731215

63 Lanoc the Charlatan (level 3, -2/33 HPs)
             Began as a Troll Artificer on Sept 22, 2020.
             Killed by divine providence
             ... invoked by an orc priest
              (13 damage)
             ... on level 3 of the Dungeon.
             The game lasted 00:01:10 (461 turns).

Lanoc the Charlatan (Troll Artificer)                Turns: 461, Time: 00:01:10

Health: -2/33      AC:  6    Str: 20    XL:     3   Next: 89%
Magic:  2/2        EV: 10    Int:  7    God:
Gold:   7          SH:  0    Dex: 11    Spells: 2/2 levels left

rFire    + . .     SeeInvis .   (no weapon)
rCold    . . .     Faith    .   (no shield)
rNeg     . . .     Spirit   .   b - +0 robe
rPois    .         Reflect  .   (helmet restricted)
rElec    .         Harm     .   (no cloak)
rCorr    .         Rampage  .   (gloves unavailable)
MR       .....                  (boots unavailable)
Stlth    +.........             (no amulet)
HPRegen  0.51/turn              k - ring of protection from fire
MPRegen  0.08/turn              (no ring)

@: no status effects
A: large, unfitting armour, claws 3, regeneration 1, shaggy fur 1, tough skin 3
a: no special abilities


You were on level 3 of the Dungeon.
You visited 1 branch of the dungeon, and saw 3 of its levels.

You collected 7 gold pieces.

Inventory:

Armour
 b - a +0 robe (worn)
Jewellery
 k - a ring of protection from fire (left claw)
Wands
 c - a wand of flame (15)
 d - a wand of enslavement (14)
 e - a wand of random effects (15)
Scrolls
 f - 4 scrolls of teleportation {unknown}
 i - 2 scrolls of identify {unknown}
Potions
 a - a potion of degeneration {unknown}
 g - a potion of curing {unknown}
 h - a potion of cancellation {unknown}
 j - a potion of resistance {unknown}


   Skills:
 + Level 1.5 Fighting
 + Level 2.4 Dodging
 - Level 0.3 Stealth
 * Level 3.0 Evocations


You had 2 spell levels left.
You didn't know any spells.
Your spell library contained the following spells:

 Spells                   Type           Power        Failure   Level
 Animate Skeleton         Necr           #.....       43%         1
 Apportation              Tloc           #.....       43%         1
 Corona                   Hex            #......      43%         1
 Summon Small Mammal      Summ           #...         43%         1


Dungeon Overview and Level Annotations

Branches:
Dungeon (3/15)

Altars:


Innate Abilities, Weirdness & Mutations

You are too large for most types of armour.
You have claws for hands.
Your natural rate of healing is unusually fast.
You are covered in fur. (AC +1)
You have extremely tough skin. (AC +3)


Message History

You scratch the orc but do no damage. The orc hits you but does no damage.
The orc priest calls down the wrath of Beogh upon you.
Beogh smites you!
You hear a shout!
You barely miss the orc. You closely miss the orc. The orc barely misses you.
You barely miss the orc. The orc hits you with a +0 mace.
Evoke which item? (* to show all) (? for menu, Esc to quit)
Aiming: Enslavement
Press: ? - help, Shift-Dir - straight line, f - orc
Aim: an orc, wielding a +0 mace (chance to defeat MR: 71%)
The orc is charmed.
The orc priest barely misses your orc.
The orc priest mumbles some strange prayers to Beogh against you.
Beogh smites you!
You scratch the orc but do no damage. The orc hits you but does no damage.
You barely miss the orc. The orc hits you but does no damage.
You scratch the orc but do no damage.
The orc priest mumbles some strange prayers to Beogh against you.
Beogh smites you!
You die...

.#.#............#.#.#
†...[#....##.##.#.#.#####
.#....#.................#
.###..##..####..#.#######
## #####..#.....#.#
#....#.##.##.#
#.......##.#
#.##.#####.###
#......oo@...#
#.##..o###o#$# .. #...#
#.# ## ...o.o# .#
#.##.#o# .# .. ..... .. #
###oo## ## ..# ..##


You could see an orc priest, 2 orcs and a friendly orc (charmed).

Vanquished Creatures
  An orc priest (D:3)
  An adder (D:2)
  A worm (D:3)
  A dart slug (D:3)
  A leopard gecko (D:1)
  2 orcs (D:3)
  2 giant cockroaches (D:1)
  2 hobgoblins
  4 kobolds
  3 bats (D:3)
  A frilled lizard (D:3)
19 creatures vanquished.

Notes
Turn   | Place    | Note
-------+----------+-------------------------------------------
     0 | D:1      | Lanoc the Troll Artificer began the quest for the Orb.
     0 | D:1      | Reached XP level 1. HP: 18/18 MP: 0/0
    76 | D:1      | Reached skill level 1 in Fighting
   119 | D:2      | Reached XP level 2. HP: 27/27 MP: 1/1
   332 | D:3      | Reached XP level 3. HP: 25/33 MP: 2/2
   356 | D:3      | Reached skill level 3 in Evocations
   461 | D:3      | Killed from afar by an orc priest

Illustrated notes

Levels and vault maps discovered:
D:1:      dpeg_arrival_round_c, layout_loops_cross
D:2:      layout_basic
D:3:      layout_basic, gammafunk_ghost_necromancy, nemelex_spade_bored_becter,
          uniq_terence

Skill      XL: |  1  2  3 |
---------------+----------+-----
Dodging        | 2 |  2.4
Fighting       | 1 |  1.5
Evocations     | 3 |  3.0
Stealth        | |  0.3

Action                   || total
-------------------------++-------
Melee: Unarmed           ||    86
Evoke: Wand              ||     1
 Stab: Sleeping          ||     2
Armor: Robe              ||    48
Dodge: Dodged            ||    57

Table legend: (Time is in decaauts)
 A = Elapsed time spent in this place.
 B = Non-inter-level travel time spent in this place.
 C = Inter-level travel time spent in this place.
 D = Time resting spent in this place.
 E = Time spent auto-exploring this place.
 F = Levels seen in this place.
 G = Mean time per level.
                   A        B        C        D        E       F      G
               +--------+--------+--------+--------+--------+-----+--------+
         Total |    460 |    438 |     22 |      0 |    264 |   3 |  153.3 |
       Dungeon |    460 |    438 |     22 |      0 |    264 |   3 |  153.3 |
               +--------+--------+--------+--------+--------+-----+--------+

Top non-repeatable levels by time:
     D:3: 195 daAuts
     D:2: 151 daAuts
     D:1: 113 daAuts
